Map: Ulrena

Players

Miltreta - Winner!

  • Race: Terran Terran

A.I. 1 (Hard)

  • Race: Zerg Zerg

VOD

Have the link to the VOD?

Description

Time

  • Played on: March 3, 2016, 3:55 p.m.
  • Length: 19:20
Show
View Real Time Build Order
Export as new Build Order

Miltreta Terran - Winner!

Build Orders:  

Get SALT Encoding   

  12  0:02  SCV  
  13  0:14  SCV  
  14  0:29  Supply Depot  
  14  0:31  SCV  
  14  0:33  Supply Depot  
  15  0:50  SCV  
  15  0:55  Barracks  
  16  1:12  Barracks  
  16  1:16  Refinery  
  16  1:20  Refinery  
  16  1:34  Supply Depot  
  16  1:37  SCV  
  17  1:47  Marine  
  17  1:50  SCV  
  19  2:02  SCV  
  19  2:03  Bunker  
  19  2:05  Marine  
  21  2:20  SCV  
  23  2:32  SCV  
  23  2:33  Engineering Bay  
  23  2:35  Barracks Tech Lab  
  24  2:39  Barracks Reactor  
  24  2:44  SCV  
  24  2:56  SCV  
  24  2:57  Concussive Shells  
  25  3:06  Terran Infantry Weapons Level 1  
  25  3:14  Orbital Command  
  25  3:16  Marine x2  
  27  3:24  Marauder  
  29  3:45  Marauder  
  29  3:47  Command Center  
  31  3:51  Reaper  
  32  4:07  Marauder  
  34  4:28  Marauder  
  35  4:59  Marauder  
  37  5:01  Reaper  
  37  5:02  Reaper  
  39  5:15  Factory  
  39  5:17  Terran Infantry Armor Level 1  
  39  5:20  Marauder  
  41  5:31  Refinery, SCV  
  41  5:33  Reaper  
  41  5:34  Reaper  
  44  5:39  Supply Depot  
  44  5:42  Marauder  
  46  5:43  SCV  
  47  5:55  SCV  
  48  6:03  Marauder  
  50  6:07  SCV  
  51  6:19  SCV  
  52  6:39  Bunker  
  53  6:40  SCV  
  53  6:51  Refinery  
  53  6:52  SCV  
  53  7:04  SCV  
  47  7:16  SCV  
  46  7:28  SCV  
  47  7:33  Marauder  
  47  7:36  Reaper x2  
  51  7:42  Neosteel Frame  
  51  7:45  Hellion  
  53  7:55  Marauder  
  55  8:03  Armory  
  55  8:07  Hellion  
  55  8:08  Reaper x2  
  55  8:10  Starport  
  59  8:16  Marauder  
  61  8:27  Command Center  
  61  8:37  Marauder  
  61  8:40  Reaper x2  
  65  8:59  Marauder  
  65  9:02  Missile Turret  
  67  9:08  Missile Turret  
  67  9:12  Marine x2  
  69  9:21  Planetary Fortress  
  69  9:25  Missile Turret  
  69  9:39  Medivac  
  71  9:47  Supply Depot  
  71  10:09  Medivac  
  73  10:27  Ghost Academy  
  73  10:32  Refinery  
  73  11:06  Planetary Fortress  
  62  12:49  Reaper x2  
  64  12:51  Marauder  
  62  13:13  Marauder  
  61  13:21  Reaper  
  61  13:22  Reaper  
  58  13:34  Marauder  
  60  13:53  Reaper  
  60  13:54  Reaper  
  60  13:56  Marauder  
  60  14:17  Marauder  
  60  14:26  Reaper x2  
  62  14:33  Medivac  
  62  14:37  Factory Tech Lab  
  64  14:48  Command Center  
  64  15:02  Refinery  
  64  15:03  Hellbat, Medivac  
  68  15:17  Ghost  
  68  15:18  Marine  
  68  15:19  Marine  
  72  15:22  Nuke  
  72  15:25  Hellbat  
  74  15:36  Marine x2  
  74  15:41  Viking  
  78  15:45  Ghost  
  78  15:46  Hellbat  
  82  15:54  Marine x2  
  84  16:07  Hellbat  
  86  16:11  Viking  
  86  16:12  Marine x2  
  86  16:14  Ghost  
  92  16:28  Cyclone  
  94  16:41  Viking  
  94  16:42  Ghost  
  97  17:11  Ghost, Viking  
  92  18:18  Marauder  
  92  18:19  Marine x2  
  91  18:37  Marine x2  
  91  18:39  Marauder  
  95  18:54  Marine  
  95  18:55  Marine  
Show
View Real Time Build Order
Export as new Build Order

A.I. 1 (Hard) Zerg 

Build Orders: Pool First 

Get SALT Encoding   

  12  0:00  Drone  
  13  0:12  Overlord  
  13  0:17  Drone  
  14  0:30  Drone  
  14  0:32  Drone  
  16  0:42  Spawning Pool  
  15  0:44  Drone  
  15  0:48  Drone  
  17  0:52  Extractor  
  17  0:55  Drone  
  17  1:06  Overlord  
  17  1:30  Queen  
  17  1:31  Zergling x2  
  20  1:36  Roach Warren  
  20  1:38  Drone  
  20  1:41  Extractor  
  20  1:42  Zergling x2  
  20  1:49  Drone  
  21  1:59  Drone  
  22  2:12  Drone  
  23  2:21  Overlord  
  23  2:32  Drone  
  23  2:36  Roach  
  26  2:43  Overlord  
  26  2:47  Roach  
  28  2:59  Roach  
  30  3:08  Overlord  
  30  3:10  Roach  
  32  3:22  Roach  
  34  3:33  Roach  
  36  3:36  Overlord  
  36  3:42  Drone  
  36  3:45  Drone, Roach  
  40  3:50  Drone  
  40  3:53  Drone  
  42  4:00  Drone  
  43  4:10  Baneling Nest  
  43  4:12  Drone, Roach  
  43  4:13  Drone  
  46  4:19  Evolution Chamber  
  46  4:22  Drone  
  46  4:33  Roach  
  48  4:45  Roach  
  50  4:56  Roach  
  52  5:07  Roach  
  54  6:17  Zergling x2  
  54  6:37  Lair  
  54  6:38  Overlord, Zerg Melee Weapons Level 1  
  54  6:39  Evolution Chamber  
  53  6:40  Spore Crawler  
  53  6:42  Spore Crawler  
  53  6:44  Drone  
  53  6:46  Hatchery  
  51  6:47  Drone  
  52  6:57  Overlord  
  52  7:05  Zerg Missile Weapons Level 1  
  52  7:06  Spine Crawler  
  52  7:07  Drone  
  45  7:09  Zergling x2  
  45  7:10  Spine Crawler  
  45  7:12  Drone  
  41  7:20  Roach  
  33  7:31  Roach  
  33  7:34  Queen  
  33  7:35  Overseer  
  33  7:36  Overseer  
  37  7:39  Hydralisk Den  
  37  7:42  Spire  
  35  7:44  Ravager, Roach  
  35  7:45  Infestation Pit  
  37  7:55  Ravager, Roach  
  40  7:58  Drone, Burrow  
  40  8:00  Drone  
  40  8:03  Drone  
  40  8:04  Drone  
  44  8:06  Drone, Ravager  
  44  8:07  Roach  
  44  8:11  Extractor  
  44  8:12  Drone  
  48  8:14  Drone  
  48  8:17  Hydralisk  
  48  8:18  Spore Crawler  
  48  8:19  Drone  
  51  8:23  Drone  
  51  8:25  Drone  
  53  8:27  Hydralisk  
  53  8:28  Drone  
  53  8:31  Drone  
  53  8:32  Zerg Ground Armor Level 1  
  57  8:35  Drone  
  57  8:37  Drone  
  57  8:41  Drone  
  60  8:43  Drone  
  60  8:46  Drone  
  62  8:53  Drone  
  62  8:55  Drone  
  64  8:56  Drone  
  64  8:57  Drone  
  64  8:59  Drone  
  67  9:03  Drone  
  67  9:08  Hydralisk  
  70  9:12  Muscular Augments  
  70  9:18  Hydralisk  
  70  9:20  Spore Crawler  
  71  9:24  Queen  
  73  9:44  Spine Crawler  
  72  9:47  Spine Crawler, Drone  
  72  10:19  Extractor  
  72  10:21  Drone  
  72  10:41  Drone  
  73  10:43  Drone  
  74  10:58  Pneumatized Carapace  
  74  10:59  Overlord x2, Zerg Melee Weapons Level 2, Zerg Ground Armor Level 2, Overseer, Glial Reconstitution, Roach  
  74  11:00  Zerg Flyer Weapons Level 1  
  76  11:05  Hatchery, Roach  
  76  11:09  Hydralisk  
  78  11:14  Hydralisk  
  61  11:20  Zergling x2  
  61  11:25  Roach  
  58  11:30  Roach  
  60  11:35  Roach  
  60  11:40  Roach  
  60  11:42  Queen  
  60  11:45  Hydralisk, Queen  
  62  11:50  Hydralisk  
  59  11:56  Roach  
  59  12:01  Roach  
  57  12:05  Hydralisk  
  54  12:10  Hydralisk  
  48  12:16  Zergling x2  
  48  12:20  Hydralisk  
  49  12:24  Drone x2  
  49  12:25  Drone x2  
  49  12:26  Drone, Roach  
  49  12:28  Overseer  
  44  12:31  Roach  
  44  12:34  Drone  
  44  12:36  Hydralisk  
  44  12:38  Drone  
  44  12:40  Drone  
  44  12:41  Roach  
  45  12:46  Roach  
  45  12:48  Drone  
  41  12:51  Drone, Roach  
  41  12:56  Hydralisk  
  46  13:01  Hydralisk  
  48  13:06  Roach  
  48  13:12  Zergling x2  
  51  13:19  Hydralisk  
  39  13:27  Hatchery  
  38  13:38  Ravager  
  39  13:45  Hydralisk  
  31  14:03  Roach  
  31  14:09  Zergling x2  
  34  14:15  Hatchery  
  33  14:18  Roach  
  35  15:04  Hive  
  35  15:57  Drone, Extractor  
  35  15:58  Extractor  
  35  16:00  Drone  
  35  16:11  Drone, Extractor  
  34  16:15  Hydralisk  
  37  16:23  Ultralisk Cavern  
  37  16:24  Drone  
  37  16:27  Hydralisk  
  39  16:33  Drone  
  39  16:34  Drone, Overseer  
  39  16:36  Drone  
  41  16:40  Zergling x2  
  36  16:47  Hydralisk  
  36  16:53  Zergling x2  
  37  16:57  Zergling x2  
  36  17:01  Zergling x2  
  36  17:07  Drone  
  27  17:11  Ultralisk  
  32  17:18  Drone, Ultralisk  
  32  17:21  Drone  
  31  17:25  Overlord  
  28  17:43  Drone  
  27  17:50  Drone  
  28  17:56  Hatchery, Drone  
  21  18:01  Drone  
  21  18:10  Drone  
  16  18:15  Drone  
  15  18:29  Drone  
  15  18:33  Drone  
  14  18:45  Overlord  
  10  19:07  Drone  
Tags
 
Add a new tag
Caveats
  • Supply blocks, unpowered buildings, or Contaminate may cause inaccurate times.
  • Supply counts are checked every 10 seconds.